 Dungeon Crawl Stone Soup version 0.28-a0-1555-g9ae15a6949 (webtiles) character file.

Game seed: 1177947643414293950

3713 gruber the Destroyer (level 10, 0/50 HPs)
             Began as a Gargoyle Ice Elementalist on Jan 18, 2022.
             Was a Follower of Vehumet.
             Slain by a two-headed ogre (19 damage)
             ... on level 9 of the Dungeon.
             The game lasted 00:12:48 (10542 turns).

gruber the Destroyer (Gargoyle Ice Elementalist)   Turns: 10542, Time: 00:12:49

Health: 0/50       AC: 10    Str: 13    XL:     10   Next: 14%
Magic:  12/18      EV: 11    Int: 25    God:    Vehumet [*.....]
Gold:   429        SH:  5    Dex: 10    Spells: 1/19 levels left

rFire   . . .      SeeInvis .   K - +1 trident (venom)
rCold   . . .      Faith    .   (no shield)
rNeg    + . .      Spirit   .   a - +0 robe
rPois   ∞          Reflect  +   g - +0 helmet
rElec   +          Harm     .   (no cloak)
rCorr   .          Rampage  .   (no gloves)
Will    .....                   (no boots)
Stlth   ++........              j - amulet of reflection
HPRegen 0.16/turn               w - +6 ring of intelligence
MPRegen 0.16/turn               (no ring)

@: freezing walls
A: sickness immunity, AC +7, negative energy resistance 1, electricity
resistance, torment resistance 1, petrification resistance
a: Renounce Religion


You were on level 9 of the Dungeon.
You worshipped Vehumet.
Vehumet was aware of your devotion.
You visited 2 branches of the dungeon, and saw 10 of its levels.
You also visited: Sewer.

You collected 429 gold pieces.

Inventory:

Hand Weapons
 B - a +4 war axe of freezing
 C - a +2 hand axe of venom
 K - a +1 trident of venom (weapon)
Missiles
 n - 20 poisoned darts
Armour
 a - a +0 robe (worn)
 g - a +0 helmet (worn)
Jewellery
 j - an amulet of reflection (around neck)
 w - a +6 ring of intelligence (left hand)
 y - an amulet of the acrobat
 A - an amulet of magic regeneration
 F - a ring of see invisible
Wands
 G - a wand of mindburst (4)
 H - a wand of iceblast (8)
Scrolls
 b - 4 scrolls of fear {unknown}
 d - 5 scrolls of identify {unknown}
 e - 2 scrolls of noise {unknown}
 f - 3 scrolls of immolation {unknown}
 h - 2 scrolls of brand weapon {unknown}
 k - 2 scrolls of magic mapping {unknown}
 m - 3 scrolls of fog {unknown}
 q - a scroll of acquirement {unknown}
 t - 3 scrolls of teleportation {unknown}
 u - 2 scrolls of vulnerability {unknown}
 E - a scroll of holy word {unknown}
 I - a scroll of summoning {unknown}
Potions
 c - 2 potions of degeneration {unknown}
 i - a potion of ambrosia {unknown}
 l - 5 potions of curing {unknown}
 o - 3 potions of flight
 p - 3 potions of heal wounds
 r - a potion of berserk rage {unknown}
 s - a potion of mutation {unknown}
 v - a potion of brilliance {unknown}
 x - 2 potions of lignification {unknown}
 z - a potion of attraction {unknown}
 D - a potion of cancellation {unknown}
 J - a potion of haste {unknown}


   Skills:
 - Level 0.8(1.0) Short Blades
 - Level 0.6(1.0) Long Blades
 - Level 0.6(0.9) Axes
 - Level 0.6(1.1) Polearms
 - Level 1.0(1.2) Staves
 - Level 0.6 Slings
 - Level 1.0 Bows
 - Level 0.8 Crossbows
 - Level 1.5 Dodging
 - Level 2.1 Stealth
 - Level 1.0 Shields
 - Level 5.4 Spellcasting
 + Level 9.3 Conjurations
 - Level 0.9 Hexes
 - Level 0.6 Summonings
 - Level 0.5 Necromancy
 - Level 0.9 Translocations
 - Level 0.9 Transmutations
 - Level 0.9 Fire Magic
 - Level 9.1 Ice Magic
 - Level 0.7 Air Magic
 - Level 1.0 Earth Magic
 - Level 0.8 Poison Magic
 - Level 1.0 Invocations
 - Level 0.9 Evocations


You had one spell level left.
You knew the following spells:

 Your Spells              Type           Power      Damage    Failure   Level
a - Freeze                Ice            100%       1d11      1%          1
b - Frozen Ramparts       Ice            100%       1d12      1%          3
c - Ozocubu's Armour      Ice            51%        N/A       1%          3
d - Hailstorm             Conj/Ice       52%        3d12      1%          4
e - Ozocubu's Refrigerat  Ice            25%        4d10      83%         7

Your spell library contained the following spells:

 Spells                   Type           Power      Damage    Failure   Level
 Magic Dart               Conj           100%       1d8       1%          1
 Ensorcelled Hibernation  Hex/Ice        64%        N/A       1%          2
 Passwall                 Tmut/Erth      9%         N/A       8%          2
 Portal Projectile        Hex/Tloc       22%        N/A       16%         3
 Call Canine Familiar     Summ           10%        N/A       19%         3
 Swiftness                Air            10%        N/A       19%         3
 Leda's Liquefaction      Hex/Erth       5%         N/A       45%         4


Dungeon Overview and Level Annotations

Branches:
Dungeon (9/15)             Temple (1/1) D:4            Lair (0/6) D:8
  Sewer (visited)
    Orc: D:9-12

Altars:
Ashenzari
Dithmenos
Elyvilon
Gozag
Hepliaklqana
Okawaru
Ru
Sif Muna
Trog
Vehumet
Xom
Zin
The Shining One


Innate Abilities, Weirdness & Mutations

You are immune to sickness and miasma.
Your stone body is resilient. (AC +7)
You are immune to poison.
You resist negative energy. (rN+)
You are resistant to electric shocks. (rElec)
You are resistant to unholy torment.
You are immune to petrification.


Message History

Confirm with . or Enter, or press ? or * to list all spells.
Casting: Frozen Ramparts (safe; 1% risk of failure)
Press: ? - help, Dir - look around, f - activate The walls around you are covered in ice.
The wall freezes the two-headed ogre!
The two-headed ogre hits you with a +0 giant club! x2
Unknown command.
Unknown command.
You are too injured to fight recklessly!
Unknown command.
Unknown command.
Casting: Frozen Ramparts (safe; 1% risk of failure)
Confirm with . or Enter, or press ? or * to list all spells.
Aiming: Freeze (safe; 1% risk of failure)
Press: ? - help, Shift-Dir - straight line, f - two-headed ogre
Aim: a two-headed ogre, wielding two +0 giant clubs (moderately wounded)
You freeze the two-headed ogre!
The two-headed ogre is moderately wounded.
The wall freezes the two-headed ogre.
The two-headed ogre barely misses you.
The two-headed ogre hits you with a +0 giant club!
Unknown command.
Casting: Freeze (safe; 1% risk of failure)
Confirm with . or Enter, or press ? or * to list all spells.
Aiming: Freeze (safe; 1% risk of failure)
Press: ? - help, Shift-Dir - straight line, f/p - two-headed ogre
Aim: a two-headed ogre, wielding two +0 giant clubs (moderately wounded)
You freeze the two-headed ogre.
The two-headed ogre is heavily wounded.
Unknown command.
Unknown command.
Casting: Freeze (safe; 1% risk of failure)
Confirm with . or Enter, or press ? or * to list all spells.
Aiming: Freeze (safe; 1% risk of failure)
Press: ? - help, Shift-Dir - straight line, f/p - two-headed ogre
Aim: a two-headed ogre, wielding two +0 giant clubs (heavily wounded)
You freeze the two-headed ogre!
The two-headed ogre is heavily wounded.
The wall freezes the two-headed ogre!
The two-headed ogre hits you with a +0 giant club!!
You die...

###+ #.. #####
######O##### ....#
#.....@<.>.# ....#
#..........# ....#
#......>...# [...#
#.....#'#..# ....#
####†....+_+..#
....####.)'.....#+#..#
....'....##..........#
....#######..........#
....# #..........#


You could see a two-headed ogre.

Vanquished Creatures
  Grinder (D:4)
  Sigmund (D:3)
  A wyvern (D:9)
  2 steam dragons
  Menkaure (D:6)
  Edmund (D:5)
  2 water moccasins (D:7)
  2 orc warriors
  An ice beast (D:6)
  An ogre (D:4)
  A necrophage (D:5)
  2 centaurs
  A phantom (D:5)
  A kobold brigand (Sewer)
  A bullfrog (D:9)
  4 scorpions
  4 wights
  A howler monkey (D:7)
  A centaur zombie (D:7)
  A jelly (D:6)
  3 bullfrog zombies
  A centaur skeleton (D:7)
  9 orc priests
  4 hounds
  A gnoll shaman (D:8)
  Natasha (thrice) (D:4)
  2 iguanas
  5 orc wizards
  A scorpion zombie (D:5)
  Terence (D:2)
  2 killer bee zombies
  Robin (D:2)
  6 adders
  8 gnolls
  2 river rats (Sewer)
  A white imp (D:7)
  A worm (D:4)
  3 dart slugs
  31 orcs
  6 bats
  5 endoplasms
  4 giant cockroaches
  13 goblins
  7 hobgoblins
  4 jackals (D:1)
  8 kobolds
  A quokka (D:1)
  5 ball pythons
  2 frilled lizards (D:2)
  8 rats
178 creatures vanquished.

Notes
Turn   | Place    | Note
-------+----------+-------------------------------------------
     0 | D:1      | gruber the Gargoyle Ice Elementalist began the quest for
                  | the Orb.
     0 | D:1      | Reached XP level 1. HP: 10/10 MP: 3/3
   183 | D:1      | Reached XP level 2. HP: 15/15 MP: 3/5
   325 | D:2      | Noticed Terence
   585 | D:1      | Reached XP level 3. HP: 17/19 MP: 2/6
   827 | D:1      | Learned a level 3 spell: Frozen Ramparts
   849 | D:1      | Reached skill level 5 in Ice Magic
  1070 | D:2      | Killed Terence
  1217 | D:2      | Reached XP level 4. HP: 14/24 MP: 0/7
  1414 | D:2      | Noticed Robin
  1428 | D:2      | Killed Robin
  1801 | D:2      | Reached XP level 5. HP: 23/28 MP: 4/8
  1969 | D:3      | Noticed an orc warrior
  2108 | D:3      | Learned a level 3 spell: Ozocubu's Armour
  2238 | D:3      | Reached XP level 6. HP: 32/32 MP: 4/9
  2345 | D:3      | Noticed Sigmund
  2355 | D:3      | Killed Sigmund
  2538 | D:3      | Killed an orc warrior
  2539 | D:3      | Reached XP level 7. HP: 26/36 MP: 4/10
  2868 | D:4      | Noticed a steam dragon
  2872 | D:4      | Killed a steam dragon
  2873 | D:4      | Reached skill level 1 in Shields
  3254 | D:4      | Reached XP level 8. HP: 41/41 MP: 7/13
  3293 | D:4      | Found a glowing drain.
  3305 | Sewer    | Entered a sewer
  3631 | Sewer    | Found a white marble altar of Elyvilon.
  3814 | D:5      | Entered Level 5 of the Dungeon
  3880 | D:5      | Learned a level 4 spell: Hailstorm
  4529 | D:5      | Reached skill level 5 in Spellcasting
  4686 | D:5      | Noticed Edmund
  4938 | D:4      | Found a staircase to the Ecumenical Temple.
  4953 | D:4      | Noticed Natasha
  4959 | D:4      | Killed Natasha
  5202 | D:4      | Noticed Grinder
  5221 | D:4      | Paralysed by Grinder for 6 turns
  5234 | D:4      | Paralysed by Grinder for 6 turns
  5241 | D:4      | Killed Grinder
  5657 | D:4      | Noticed Natasha
  5663 | D:4      | Killed Natasha
  5674 | D:4      | Noticed Natasha
  5679 | D:4      | Killed Natasha
  6038 | D:5      | Reached XP level 9. HP: 35/45 MP: 15/17
  6265 | D:5      | Killed Edmund
  6266 | D:5      | Reached skill level 1 in Staves
  6266 | D:5      | Reached skill level 1 in Bows
  6266 | D:5      | Reached skill level 1 in Earth Magic
  6266 | D:5      | Reached skill level 1 in Invocations
  6479 | D:5      | Found a white marble altar of Elyvilon.
  6479 | D:5      | Found a shimmering blue altar of Sif Muna.
  6499 | D:5      | Reached skill level 1 in Conjurations
  6923 | Temple   | Entered the Ecumenical Temple
  6945 | Temple   | Became a worshipper of Vehumet
  6964 | D:4      | Learned a level 7 spell: Ozocubu's Refrigeration
  8071 | D:6      | Reached skill level 5 in Conjurations
  8147 | D:6      | Found an opulent altar of Gozag.
  8147 | D:6      | Found a glowing silver altar of Zin.
  8147 | D:6      | Noticed Menkaure
  8152 | D:6      | Killed Menkaure
  9231 | D:7      | Reached * piety under Vehumet
  9231 | D:7      | Offered knowledge of Magic Dart by Vehumet.
  9642 | D:8      | Found a staircase to the Lair.
  9757 | D:8      | Found a shimmering altar of Xom.
  9758 | D:8      | Found a shimmering altar of Xom.
  9795 | D:8      | Reached XP level 10. HP: 22/50 MP: 4/18
 10532 | D:9      | Found an iron altar of Okawaru.
 10537 | D:9      | Noticed a two-headed ogre
 10542 | D:9      | Slain by a two-headed ogre

Illustrated notes

Levels and vault maps discovered:
D:1:      amcnicky_arrival_blooded_trapdoor, layout_basic
D:2:      layout_rooms, uniq_robin, uniq_terence
D:3:      layout_basic, uniq_sigmund
D:4:      layout_layer_cave, minmay_temple_entry_slanted, portal_sewer_entry_d,
          uniq_grinder, uniq_natasha
D:5:      layout_gridville, gammafunk_temple_overflow_pools, uniq_edmund
D:6:      layout_basic, grunt_temple_overflow_gold_and_silver, uniq_menkaure
D:7:      layout_basic
D:8:      layout_loops_ring, xom_redecorated, kennysheep_mini_moat,
          bloody_makhleb, dpeg_oklobed_lair
D:9:      layout_roguey, kennysheep_mini, ebering_ghost_xom
Temple:   nicolae_temple_god_jail

Skill      XL: |  1  2  3  4  5  6  7  8  9 10 |
---------------+-------------------------------+-----
Ice Magic      | 5 6 7 8 9 |  9.1
Shields        | 1 |  1.0
Spellcasting   | 3 5 |  5.4
Staves         | 1 |  1.0
Bows           | 1 |  1.0
Earth Magic    | 1 |  1.0
Invocations    | 1 |  1.0
Conjurations   | 8 9 |  9.3
Short Blades   | |  0.8
Long Blades    | |  0.6
Axes           | |  0.6
Polearms       | |  0.6
Slings         | |  0.6
Crossbows      | |  0.8
Dodging        | |  1.5
Stealth        | |  2.1
Hexes          | |  0.9
Summonings     | |  0.6
Necromancy     | |  0.5
Translocations | |  0.9
Transmutations | |  0.9
Fire Magic     | |  0.9
Air Magic      | |  0.7
Poison Magic   | |  0.8
Evocations     | |  0.9

Action                   |  1- 3 |  4- 6 |  7- 9 | 10-12 || total
-------------------------+-------+-------+-------+-------++-------
Melee: Unarmed           |     8 |       |       |       ||     8
       Mace              |     7 |    42 |   150 |       ||   199
       Punch             |       |     1 |     2 |       ||     3
       War axe           |       |       |    53 |       ||    53
       Hand axe          |       |       |    38 |     5 ||    43
       Trident           |       |       |       |     2 ||     2
Throw: Dart              |       |       |     2 |       ||     2
 Cast: Freeze            |    33 |    15 |    61 |     3 ||   112
       Frozen Ramparts   |     2 |     6 |    35 |     5 ||    48
       Ozocubu's Armour  |       |       |     4 |     1 ||     5
       Hailstorm         |       |       |    15 |     4 ||    19
  Use: Potion            |       |       |     1 |       ||     1
 Stab: Sleeping          |       |     2 |     2 |     1 ||     5
Armor: Robe              |    19 |    23 |   132 |     4 ||   178
Dodge: Dodged            |    31 |    35 |   168 |     7 ||   241
Block: Other             |       |     6 |    94 |     3 ||   103
       Reflection        |       |       |     6 |       ||     6

Table legend: (Time is in decaauts)
 A = Elapsed time spent in this place.
 B = Non-inter-level travel time spent in this place.
 C = Inter-level travel time spent in this place.
 D = Time resting spent in this place.
 E = Time spent auto-exploring this place.
 F = Levels seen in this place.
 G = Mean time per level.
                   A        B        C        D        E       F      G
               +--------+--------+--------+--------+--------+-----+--------+
         Total |  10700 |  10400 |    300 |    601 |   8044 |  11 |  972.7 |
       Dungeon |  10245 |   9954 |    291 |    598 |   7738 |   9 | 1138.3 |
        Temple |     31 |     22 |      9 |      0 |      7 |   1 |   31.0 |
         Sewer |    423 |    423 |      0 |      3 |    299 |   1 |  423.0 |
               +--------+--------+--------+--------+--------+-----+--------+

Top non-repeatable levels by time:
     D:4: 2041 daAuts
     D:6: 1708 daAuts
     D:5: 1570 daAuts
     D:2: 1080 daAuts
     D:7: 1002 daAuts
     D:1: 947 daAuts
     D:3: 860 daAuts
     D:9: 531 daAuts
     D:8: 502 daAuts
   Sewer: 423 daAuts
  Temple: 31 daAuts
